 Dungeon Crawl Stone Soup version 0.28.0-53-g5a82cb258f (webtiles) character file.

Game seed: 2897992263908001149

93 jiml777 the Digger (level 4, 0/24 HPs)
             Began as a Gargoyle Earth Elementalist on June 10, 2022.
             Killed from afar by Natasha (8 damage)
             ... with a magic dart
             ... on level 2 of the Dungeon.
             The game lasted 00:07:17 (2134 turns).

jiml777 the Digger (Gargoyle Earth Elementalist)    Turns: 2134, Time: 00:07:18

Health: 0/24       AC:  6    Str: 11    XL:     4   Next: 61%
Magic:  8/8        EV: 12    Int: 18    God:
Gold:   68         SH:  0    Dex: 10    Spells: 7/8 levels left

rFire   . . .      SeeInvis .   f - staff of poison
rCold   . . .      Faith    .   (no shield)
rNeg    + . .      Spirit   .   b - +0 robe
rPois   ∞          Reflect  .   l - +0 helmet
rElec   +          Harm     .   (no cloak)
rCorr   .          Rampage  .   (no gloves)
Will    .....                   (no boots)
Stlth   ++........              (no amulet)
HPRegen 0.08/turn               (no ring)
MPRegen 0.11/turn               (no ring)

@: no status effects
A: sickness immunity, AC +3, negative energy resistance 1, electricity
resistance, torment resistance 1, petrification resistance
a: no special abilities


You were on level 2 of the Dungeon.
You visited 1 branch of the dungeon, and saw 2 of its levels.

You collected 68 gold pieces.

Inventory:

Hand Weapons
 e - a +0 spear
Missiles
 d - 13 bolts
Armour
 b - a +0 robe (worn)
 l - a +0 helmet (worn)
Magical Staves
 f - a staff of poison (weapon)
Scrolls
 a - a scroll of fog {unknown}
 g - a scroll of holy word {unknown}
 h - 2 scrolls of enchant armour {unknown}
 j - a scroll of fear {unknown}
Potions
 i - a potion of lignification {unknown}
 k - a potion of degeneration {unknown}


   Skills:
 + Level 0.4 Fighting
 + Level 1.0 Staves
 - Level 1.9 Dodging
 + Level 2.5 Stealth
 + Level 2.7 Spellcasting
 + Level 0.7 Transmutations
 + Level 4.9 Earth Magic


You had 7 spell levels left.
You knew the following spells:

 Your Spells              Type           Power      Damage    Failure   Level
a - Sandblast             Erth           40%        2d10      2%          1

Your spell library contained the following spells:

 Spells                   Type           Power      Damage    Failure   Level
 Passwall                 Tmut/Erth      10%        N/A       8%          2
 Stone Arrow              Conj/Erth      22%        3d8       19%         3
 Petrify                  Tmut/Erth      12%        N/A       45%         4


Dungeon Overview and Level Annotations

Branches:
Dungeon (2/15)

Altars:

Annotations:
D:2 Natasha


Innate Abilities, Weirdness & Mutations

You are immune to sickness and miasma.
Your stone body is resilient. (AC +3)
You are immune to poison.
You resist negative energy. (rN+)
You are resistant to electric shocks. (rElec)
You are resistant to unholy torment.
You are immune to petrification.


Message History

Natasha closely misses you. Natasha casts a spell at you.
The magic dart hits you.
You hit Natasha.
Natasha is severely wounded.
Natasha closely misses you.
The white imp picks up a beetle and eats it.
Natasha barely misses you.
You barely miss Natasha.
Natasha is severely wounded.
You feel yourself speed up. Natasha claws you.
The white imp picks up a beetle and eats it.
Natasha mumbles some strange words.
You hit Natasha.
Natasha is almost dead.
Natasha claws you.
The white imp laughs crazily.
You closely miss Natasha.
Natasha is almost dead.
Natasha closely misses you.
You hit Natasha but do no damage.
Natasha is almost dead.
Natasha claws you.
* * * LOW HITPOINT WARNING * * *
You hit Natasha.
You kill Natasha!
Natasha growls in agony!
The white imp disappears in a puff of smoke!
The shadow imp disappears in a puff of smoke!
Your Staves skill increases to level 1!
You start resting.
Magic restored.
You start resting.
Natasha, Servant of Life and Death comes into view.
You see here the felid corpse of Natasha.
Natasha hisses angrily.
Natasha stares at you and mumbles some strange words.
The magic dart hits you!
You die...

#.# #######.#
#.# #...# #.#
#.####.#.# #.#
# #......#.#
#h#
############.#
#.#
+..........>.#
#†#
##†.########.#
#.# ##........
#.# #.#
##...##### #.#
#@# ##......<#
#.# #.#
.......... #.#
#.# ..........
#.# #.#
.......... #.#
#.# ###+####+#
#.# # #.# #
#.# #


You could see Natasha.

Vanquished Creatures
  Natasha (twice) (D:2)
  An adder (D:2)
  2 dart slugs
  A bat (D:1)
  5 endoplasms
  A giant cockroach (D:1)
  A goblin (D:1)
  4 jackals (D:1)
  2 quokkas (D:1)
  5 ball pythons
  A frilled lizard (D:1)
  3 kobolds
  5 rats
33 creatures vanquished.

Notes
Turn   | Place    | Note
-------+----------+-------------------------------------------
     0 | D:1      | jiml777 the Gargoyle Earth Elementalist began the quest for
                  | the Orb.
     0 | D:1      | Reached XP level 1. HP: 10/10 MP: 3/3
   510 | D:1      | Reached XP level 2. HP: 15/15 MP: 1/5
   681 | D:1      | Reached skill level 4 in Earth Magic
  1043 | D:1      | Reached XP level 3. HP: 6/19 MP: 2/6
  1784 | D:2      | Noticed Natasha
  1791 | D:2      | Killed Natasha
  1957 | D:2      | Reached XP level 4. HP: 24/24 MP: 0/7
  2068 | D:2      | Noticed Natasha
  2085 | D:2      | Killed Natasha
  2086 | D:2      | Reached skill level 1 in Staves
  2130 | D:2      | Noticed Natasha
  2134 | D:2      | Killed from afar by Natasha

Illustrated notes

Levels and vault maps discovered:
D:1:      minmay_arrival_open_corners, layout_loops_corners, due_unseen_surprise
D:2:      layout_basic, basic_altar, kennysheep_generic_room_2, uniq_natasha

Skill      XL: |  1  2  3  4 |
---------------+-------------+-----
Earth Magic    | 4 |  4.9
Staves         | 1 |  1.0
Fighting       | |  0.4
Dodging        | |  1.9
Stealth        | |  2.5
Spellcasting   | |  2.7
Transmutations | |  0.7

Action                   |  1- 3 |  4- 6 || total
-------------------------+-------+-------++-------
Melee: Staff             |    48 |    18 ||    66
       Punch             |     1 |     1 ||     2
 Cast: Sandblast         |    32 |       ||    32
 Stab: Sleeping          |     1 |     1 ||     2
Armor: Robe              |    13 |     2 ||    15
Dodge: Dodged            |    40 |    10 ||    50
